 Dungeon Crawl Stone Soup version 0.31.0-12-g77e489cdc1 (webtiles) character file.

Game seed: 9768356160932801466

313 sking99 the Purveyor of Pain (level 6, -2/35 HPs)
             Began as a Deep Elf Necromancer on Feb 24, 2024.
             Was an Initiate of Kikubaaqudgha.
             Slain by a white imp (3 damage)
             ... on level 4 of the Dungeon.
             The game lasted 00:06:24 (3122 turns).

sking99 the Purveyor of Pain (Deep Elf Necromancer) Turns: 3122, Time: 00:06:26

Health: -2/35      AC:  2    Str:  7    XL:     6   Next: 19%
Magic:  12/14      EV: 13    Int: 20    God:    Kikubaaqudgha [......]
Gold:   170        SH:  0    Dex: 15    Spells: 10/14 levels left

rFire   + . .        l - staff of fire
rCold   . . .        (no shield)
rNeg    . . .        a - +0 robe
rPois   .            (no helmet)
rElec   .            (no cloak)
rCorr   .            (no gloves)
SInv    .            (no boots)
Will    .....        (no amulet)
Stlth   ++           (no ring)
HPRegen 0.25/turn    (no ring)
MPRegen 0.14/turn

%: no passive effects
@: no status effects
A: no striking features
a: Renounce Religion


You were on level 4 of the Dungeon.
You worshipped Kikubaaqudgha.
Kikubaaqudgha was noncommittal.
You visited 1 branch of the dungeon, and saw 4 of its levels.

You collected 170 gold pieces.

Inventory:

Armour
 a - a +0 robe (worn)
Magical Staves
 l - a staff of fire (weapon)
Scrolls
 c - a scroll of noise {unknown}
 d - 2 scrolls of identify {unknown}
 e - a scroll of brand weapon {unknown}
 f - 2 scrolls of poison {unknown}
 h - a scroll of vulnerability {unknown}
 i - 2 scrolls of immolation {unknown}
 j - a scroll of fog {unknown}
 n - a scroll of teleportation {unknown}
 p - a scroll of amnesia {unknown}
 q - 3 scrolls of silence {unknown}
Potions
 b - 3 potions of magic
 g - a potion of mutation {unknown}
 k - a potion of attraction {unknown}
 m - a potion of resistance {unknown}
 o - a potion of ambrosia {unknown}


   Skills:
 + Level 1.9 Fighting
 - Level 1.6 Staves
 + Level 3.8 Dodging
 - Level 2.4 Stealth
 + Level 4.5 Spellcasting
 * Level 6.7 Necromancy


You had 10 spell levels left.
You knew the following spells:

 Your Spells              Type           Power      Damage    Failure   Level
a - Necrotise             Necr           100%       1d9       1%          1
b - Vampiric Draining     Necr           31%        2d8       2%          3

Your spell library contained the following spells:

 Spells                   Type           Power      Damage    Failure   Level
 Animate Dead             Necr           31%        N/A       8%          4
 Curse of Agony           Necr           31%        N/A       22%         5


Dungeon Overview and Level Annotations

Branches:
Dungeon (4/15)
 Temple: D:4-7

Altars:
Cheibriados
Kikubaaqudgha

Shops:
D:1 :

Annotations:
D:2 1 runed translucent door, Crazy Yiuf


Message History

Confirm with . or Enter, or press ? or * to list all spells.
Aiming: Necrotise (safe; 1% risk of failure)
Press: ? - help, Shift-Dir - straight line, f/p - goblin
Aim: a goblin, wielding a +0 dagger (severely wounded, chance to affect: 93%)
The goblin writhes in agony.
You kill the goblin!
Kikubaaqudgha accepts your kill.
The dead are walking!
The white imp gestures at you. The puff of frost misses you.
Found 10 gold pieces.
The white imp gestures at you. The puff of frost hits you.
You swap places.
You see here a +0 dagger.
Your hobgoblin skeleton hits the white imp but does no damage.
You closely miss the white imp.
The white imp disappears for a moment.
The white imp gestures at you. The puff of frost hits you.
Your goblin skeleton hits the white imp but does no damage.
You hit the white imp but do no damage. The white imp hits you.
* * * LOW HITPOINT WARNING * * *
The white imp freezes you.
* * * LOW HITPOINT WARNING * * *
Your hobgoblin skeleton closely misses the white imp.
Your goblin skeleton misses the white imp.
You completely miss the white imp. The white imp hits you.
* * * LOW HITPOINT WARNING * * *
The white imp freezes you.
* * * LOW HITPOINT WARNING * * *
Your hobgoblin skeleton hits the white imp but does no damage.
Your goblin skeleton hits the white imp but does no damage.
You hit the white imp.
The white imp is moderately wounded.
The white imp hits you.
* * * LOW HITPOINT WARNING * * *
The white imp freezes you.
You die...
Kikubaaqudgha rasps: "You have failed me!
Welcome... death!"

.................... ...
#.............
#.##...........## ..#
#..#.....#......###.
..## #..[#.#............
.#.###.......<...>.....#
.......................#
.####..........ZZ.......
...#...........5@.......
..........###..##.......
...#.....####.## .......
..##.......##.. .......
...<......###... .......
...........#....###$....
............<...##....##
........##........
...###
...##............#
#....##


You could see a white imp (ally target), a friendly goblin skeleton and a
friendly hobgoblin skeleton.

Vanquished Creatures
  An ogre (D:4)
  A vampire bat (D:3)
  A sleepcap (D:4)
  2 iguanas (D:4)
  3 adders (D:4)
  4 dart slugs
  6 ball pythons
  4 bats
  3 bat skeletons (D:3)
  3 bat zombies (D:3)
  6 endoplasms
  2 giant cockroaches (D:1)
  4 goblins
  8 hobgoblins
  5 quokkas
  2 frilled lizards (D:2)
  9 kobolds
  2 rats
66 creatures vanquished.

Vanquished Creatures (collateral kills)
  A ball python (D:1)
  A rat (D:2)
2 creatures vanquished.

Grand Total: 68 creatures vanquished

Notes
Turn   | Place    | Note
-------+----------+-------------------------------------------
     0 | D:1      | sking99 the Deep Elf Necromancer began the quest for the
                  | Orb.
     0 | D:1      | Reached XP level 1. HP: 10/10 MP: 6/6
   274 | D:1      | Reached skill level 5 in Necromancy
   311 | D:1      | Reached XP level 2. HP: 15/15 MP: 6/8
   514 | D:1      | Found Laahudex's Book Emporium.
   879 | D:1      | Reached XP level 3. HP: 20/20 MP: 7/9
  1295 | D:2      | Found a runed translucent door.
  1296 | D:2      | Noticed Crazy Yiuf
  1410 | D:2      | Reached skill level 1 in Fighting
  1802 | D:2      | Learned a level 3 spell: Vampiric Draining
  1954 | D:3      | Found a snail-covered altar of Cheibriados.
  2175 | D:3      | Reached XP level 4. HP: 24/25 MP: 11/11
  2219 | D:3      | Found an ancient bone altar of Kikubaaqudgha.
  2231 | D:3      | Became a worshipper of Kikubaaqudgha
  2351 | D:3      | Found a faded altar of an unknown god.
  2726 | D:4      | Reached skill level 6 in Necromancy
  2726 | D:4      | Reached XP level 5. HP: 29/29 MP: 5/13
  2784 | D:4      | Reached skill level 1 in Staves
  2893 | D:4      | Noticed an ogre
  2900 | D:4      | Killed an ogre
  2904 | D:4      | Reached XP level 6. HP: 31/35 MP: 1/14
  3122 | D:4      | HP: 1/35 [white imp (1)]
  3122 | D:4      | Slain by a white imp

Illustrated notes

Levels and vault maps discovered:
D:1:      dpeg_arrival_tiny_i, layout_loops_corners, serial_shops, shop,
          dk_noncrumbling_4, minmay_heptomino_h4
D:2:      layout_rooms, uniq_crazy_yiuf_cottage
D:3:      layout_basic, kennysheep_vampire_church, kennysheep_slug_shrine,
          shapermc_ecumenical_altar_gd
D:4:      layout_cave_pools

Skill      XL: |  1  2  3  4  5 |
---------------+----------------+-----
Necromancy     | 5 6 |  6.7
Fighting       | 1 |  1.9
Dodging        | 3 |  3.8
Spellcasting   | 4 |  4.5
Staves         | 1 |  1.6
Stealth        | |  2.4

Action                     |  1- 3 |  4- 6 || total
---------------------------+-------+-------++-------
  Melee: Unarmed           |     1 |       ||     1
         Staff             |    21 |    47 ||    68
   Cast: Necrotise         |    67 |    26 ||    93
         Vampiric Draining |       |     4 ||     4
   Stab: Sleeping          |       |     2 ||     2
 Armour: Robe              |    32 |    64 ||    96
  Dodge: Dodged            |    61 |    62 ||   123
